| TOP OF THE 1ST |
|
Kansas City Royals batting - Pitching for Baltimore Orioles : RHP Kevin Cushman
|
|
Pitching: RHP Kevin Cushman
|
|
|
Batting: RHB Mike Jaquez
|
0-0: SOLO HOME RUN (Flyball, 8RXD, EV 116.3 MPH), Distance : 452 ft
|
|
Batting: RHB Adriaan Pieters
|
0-0: Ball 1-0: Fly out, F8 (Flyball, 8LS, EV 88.8 MPH)
|
|
Batting: LHB Mike Meyerhoff
|
0-0: Ball 1-0: Called Strike 1-1: Foul Ball, location: 2F 1-2: Ball 2-2: Ball 3-2: SINGLE (Groundball, 34S, EV 68.1 MPH) (infield hit)
|
|
Batting: SHB Tony Prado
|
0-0: Ball 1-0: Ball Mike Meyerhoff steals 2nd, throwing error, E2 Mike Meyerhoff to third 2-0: Foul Ball, location: 2F 2-1: Ground out U3 (Groundball, 34, EV 100.0 MPH) Mike Meyerhoff scores
|
|
Batting: SHB Gareth Busby
|
0-0: Called Strike 0-1: Ground out 6-3 (Groundball, 6S, EV 69.4 MPH)
|
| Top of the 1st over - 2 runs, 2 hits, 1 error, 0 left on base; Kansas City 2 - Baltimore 0 |
| BOTTOM OF THE 1ST |
|
Baltimore Orioles batting - Pitching for Kansas City Royals : LHP John Brooks
|
|
Pitching: LHP John Brooks
|
|
|
Batting: RHB Andres Leon
|
0-0: Ball 1-0: DOUBLE (Line Drive, 89M, EV 95.6 MPH)
|
|
Batting: RHB Marc Peckermark
|
0-0: Called Strike 0-1: Foul Ball, location: 2F 0-2: Foul Ball, location: 2F 0-2: Fly out, F3 (Popup, 34, EV 61.3 MPH)
|
|
Batting: RHB Kevin Howard
|
0-0: Called Strike 0-1: Ball 1-1: Ball 2-1: Ball 3-1: Base on Balls
|
|
Batting: LHB Brad Pepin
|
0-0: Swinging Strike 0-1: Ball 1-1: Ball 2-1: Ball 3-1: SINGLE (Groundball, 56S, EV 76.9 MPH) (infield hit) Andres Leon to third Kevin Howard to second
|
|
Batting: RHB Saimei Kudo
|
0-0: Ball 1-0: Called Strike 1-1: Swinging Strike 1-2: Foul Ball, location: 2F 1-2: Ball 2-2: Foul Ball, location: 2F 2-2: Foul Ball, location: 2F 2-2: Ball 3-2: SINGLE (Line Drive, 7S, EV 93.1 MPH) Andres Leon scores Kevin Howard to third Brad Pepin to second
|
|
Batting: RHB Alex Rodriguez Jr.
|
0-0: Called Strike 0-1: Called Strike 0-2: Ball 1-2: Foul Ball, location: 2F 1-2: Strikes out swinging
|
|
Batting: RHB Josh Hamilton
|
0-0: Ball 1-0: Called Strike 1-1: Ball 2-1: Ball 3-1: Base on Balls Kevin Howard scores Brad Pepin to third Saimei Kudo to second
|
|
Batting: RHB Jeremy Giesler
|
0-0: Foul Ball, location: 2F 0-1: Ball 1-1: Foul Ball, location: 2F 1-2: Foul Ball, location: 2F 1-2: Ball 2-2: Fly out, F8 (Line Drive, 8RD, EV 90.6 MPH)
|
| Bottom of the 1st over - 2 runs, 3 hits, 0 errors, 3 left on base; Kansas City 2 - Baltimore 2 |
| TOP OF THE 2ND |
|
Kansas City Royals batting - Pitching for Baltimore Orioles : RHP Kevin Cushman
|
|
Batting: LHB Manny Estrada
|
0-0: Called Strike 0-1: Ball 1-1: Foul Ball, location: 2F 1-2: Ball 2-2: Ball 3-2: Foul Ball, location: 2F 3-2: Base on Balls
|
|
Batting: RHB Aaron Matthews
|
0-0: Called Strike 0-1: Grounds into double play, 5-4-3 (Groundball, 56, EV 86.9 MPH)
|
|
Batting: RHB Jordan Diaz
|
0-0: Ball 1-0: Ground out 5-3 (Groundball, 5, EV 90.6 MPH)
|
| Top of the 2nd over - 0 runs, 0 hits, 0 errors, 0 left on base; Kansas City 2 - Baltimore 2 |
| BOTTOM OF THE 2ND |
|
Baltimore Orioles batting - Pitching for Kansas City Royals : LHP John Brooks
|
|
Batting: RHB Randy Johnson Jr.
|
0-0: Foul Ball, location: 2F 0-1: Ball 1-1: Ball 2-1: Foul Ball, location: 2F 2-2: Foul Ball, location: 2F 2-2: Strikes out swinging
|
|
Batting: RHB Andres Leon
|
0-0: Foul Ball, location: 2F 0-1: Swinging Strike 0-2: Foul Ball, location: 2F 0-2: Foul Ball, location: 2F 0-2: SINGLE (Line Drive, 9LM, EV 93.1 MPH)
|
|
Batting: RHB Marc Peckermark
|
0-0: Ball 1-0: Foul Ball, location: 2F 1-1: Ball 2-1: SINGLE (Groundball, 34D, EV 108.1 MPH) Andres Leon to second Runner from 2nd tries for 3rd, SAFE, throw by RF made at trailing runner, OUT! 9-6
|
|
Batting: RHB Kevin Howard
|
0-0: Ball 1-0: Ball 2-0: Ball 3-0: Called Strike 3-1: Called Strike 3-2: Foul Ball, location: 2F 3-2: Strikes out swinging
|
| Bottom of the 2nd over - 0 runs, 2 hits, 0 errors, 1 left on base; Kansas City 2 - Baltimore 2 |
| TOP OF THE 3RD |
|
Kansas City Royals batting - Pitching for Baltimore Orioles : RHP Kevin Cushman
|
|
Batting: LHB Zion Davidson
|
0-0: Ball 1-0: Ball 2-0: Fly out, F9 (Flyball, 9D, EV 108.1 MPH)
|
|
Batting: RHB Mike Jaquez
|
0-0: Called Strike 0-1: Called Strike 0-2: Strikes out swinging
|
|
Batting: RHB Adriaan Pieters
|
0-0: Foul Ball, location: 2F 0-1: Foul Ball, location: 2F 0-2: Foul Ball, location: 2F 0-2: Foul Ball, location: 2F 0-2: Foul Ball, location: 2F 0-2: Foul Ball, location: 2F 0-2: Fly out, F5 (Line Drive, 5, EV 65.6 MPH)
|
| Top of the 3rd over - 0 runs, 0 hits, 0 errors, 0 left on base; Kansas City 2 - Baltimore 2 |
| BOTTOM OF THE 3RD |
|
Baltimore Orioles batting - Pitching for Kansas City Royals : LHP John Brooks
|
|
Batting: LHB Brad Pepin
|
0-0: Ball 1-0: Called Strike 1-1: Called Strike 1-2: Strikes out looking
|
|
Batting: RHB Saimei Kudo
|
0-0: Fly out, F3 (Flyball, 34D, EV 90.0 MPH)
|
|
Batting: RHB Alex Rodriguez Jr.
|
0-0: Ball 1-0: Called Strike 1-1: Foul Ball, location: 2F 1-2: Ball 2-2: Foul Ball, location: 2F 2-2: Foul Ball, location: 2F 2-2: Fly out, F9 (Flyball, 89D, EV 103.1 MPH)
|
| Bottom of the 3rd over - 0 runs, 0 hits, 0 errors, 0 left on base; Kansas City 2 - Baltimore 2 |
| TOP OF THE 4TH |
|
Kansas City Royals batting - Pitching for Baltimore Orioles : RHP Kevin Cushman
|
|
Batting: LHB Mike Meyerhoff
|
0-0: Ball 1-0: Foul Ball, location: 2F 1-1: Ball 2-1: Foul Ball, location: 2F 2-2: Foul Ball, location: 2F 2-2: Foul Ball, location: 2F 2-2: Ball 3-2: Foul Ball, location: 2F 3-2: SOLO HOME RUN (Flyball, 7LD, EV 96.9 MPH), Distance : 344 ft
|
|
Batting: SHB Tony Prado
|
0-0: Ball 1-0: Ball 2-0: Swinging Strike 2-1: Ground out 4-3 (Groundball, 4S, EV 75.0 MPH)
|
|
Batting: SHB Gareth Busby
|
0-0: Ground out 4-3 (Groundball, 4M, EV 106.3 MPH)
|
|
Batting: LHB Manny Estrada
|
0-0: Ball 1-0: Foul Ball, location: 2F 1-1: Ball 2-1: Swinging Strike 2-2: Foul Ball, location: 2F 2-2: Foul Ball, location: 2F 2-2: Strikes out swinging
|
| Top of the 4th over - 1 run, 1 hit, 0 errors, 0 left on base; Kansas City 3 - Baltimore 2 |
| BOTTOM OF THE 4TH |
|
Baltimore Orioles batting - Pitching for Kansas City Royals : LHP John Brooks
|
|
Batting: RHB Josh Hamilton
|
0-0: Ball 1-0: Fly out, F9 (Flyball, 89M, EV 83.1 MPH)
|
|
Batting: RHB Jeremy Giesler
|
0-0: Ball 1-0: Ball 2-0: Called Strike 2-1: Swinging Strike 2-2: Strikes out swinging
|
|
Batting: RHB Randy Johnson Jr.
|
0-0: Called Strike 0-1: SINGLE (Line Drive, 7S, EV 94.4 MPH)
|
|
Batting: RHB Andres Leon
|
0-0: Ball Wild Pitch! Randy Johnson Jr. to second 1-0: Ground out 6-3 (Groundball, 6, EV 83.8 MPH)
|
| Bottom of the 4th over - 0 runs, 1 hit, 0 errors, 1 left on base; Kansas City 3 - Baltimore 2 |
| TOP OF THE 5TH |
|
Kansas City Royals batting - Pitching for Baltimore Orioles : RHP Kevin Cushman
|
|
Batting: RHB Aaron Matthews
|
0-0: Ball 1-0: Called Strike 1-1: Ball 2-1: Swinging Strike 2-2: Foul Ball, location: 2F 2-2: SOLO HOME RUN (Flyball, 8RXD, EV 103.8 MPH), Distance : 410 ft
|
|
Batting: RHB Jordan Diaz
|
0-0: Called Strike 0-1: Ball 1-1: Foul Ball, location: 2F 1-2: Ball 2-2: Ball 3-2: Base on Balls
|
|
Batting: LHB Zion Davidson
|
0-0: Called Strike 0-1: Ball 1-1: Grounds into double play, 6-4-3 (Groundball, 56, EV 82.5 MPH)
|
|
Batting: RHB Mike Jaquez
|
0-0: Ball 1-0: Called Strike 1-1: Fly out, F3 (Flyball, 3D, EV 83.1 MPH)
|
| Top of the 5th over - 1 run, 1 hit, 0 errors, 0 left on base; Kansas City 4 - Baltimore 2 |
| BOTTOM OF THE 5TH |
|
Baltimore Orioles batting - Pitching for Kansas City Royals : LHP John Brooks
|
|
Batting: RHB Marc Peckermark
|
0-0: Called Strike 0-1: Foul Ball, location: 2F 0-2: Strikes out swinging
|
|
Batting: RHB Kevin Howard
|
0-0: Swinging Strike 0-1: Ball 1-1: Foul Ball, location: 2F 1-2: Foul Ball, location: 2F 1-2: Foul Ball, location: 2F 1-2: Strikes out swinging
|
|
Batting: LHB Brad Pepin
|
0-0: Swinging Strike 0-1: SINGLE (Groundball, 4MS, EV 69.4 MPH) (infield hit)
|
|
Batting: RHB Saimei Kudo
|
0-0: Called Strike 0-1: Ball 1-1: Ball 2-1: Ball 3-1: Base on Balls Brad Pepin to second
|
|
Batting: RHB Alex Rodriguez Jr.
|
0-0: Ball 1-0: Ball 2-0: Ball 3-0: Base on Balls Brad Pepin to third Saimei Kudo to second
|
|
Batting: RHB Josh Hamilton
|
0-0: Foul Ball, location: 2F 0-1: SINGLE (Groundball, 56D, EV 101.3 MPH) Brad Pepin scores Saimei Kudo to third Alex Rodriguez Jr. to second Runner from 3rd tries for Home, SAFE, throw by LF to home
|
|
Pitching: RHP Tom Jensen
|
|
|
Pinch Hitting: SHB Jason Hayes
|
0-0: Called Strike 0-1: Ball 1-1: Ball 2-1: Foul Ball, location: 2F 2-2: Ball 3-2: Strikes out swinging
|
| Bottom of the 5th over - 2 runs, 2 hits, 0 errors, 2 left on base; Kansas City 4 - Baltimore 4 |
| TOP OF THE 6TH |
|
Kansas City Royals batting - Pitching for Baltimore Orioles : RHP Kevin Cushman
|
|
Now in LF: Jason Hayes
|
|
|
Now in CF: Marc Peckermark
|
|
|
Batting: RHB Adriaan Pieters
|
0-0: Ball 1-0: Called Strike 1-1: Ball 2-1: Ground out 4-3 (Groundball, 4, EV 108.1 MPH)
|
|
Batting: LHB Mike Meyerhoff
|
0-0: Called Strike 0-1: Ball 1-1: Ball 2-1: Foul Ball, location: 2F 2-2: Ball 3-2: Foul Ball, location: 2F 3-2: Foul Ball, location: 2F 3-2: Foul Ball, location: 2F 3-2: SINGLE (Groundball, 15S, EV 72.5 MPH) (infield hit)
|
|
Batting: SHB Tony Prado
|
0-0: Ball 1-0: Hit by Pitch Mike Meyerhoff to second
|
|
Batting: SHB Gareth Busby
|
0-0: Fly out, F8 (Line Drive, 8LD, EV 101.9 MPH)
|
|
Batting: LHB Manny Estrada
|
0-0: Ball 1-0: Foul Ball, location: 2F 1-1: Fielders Choice at 2nd, U4 (Groundball, 4M, EV 110.0 MPH)
|
| Top of the 6th over - 0 runs, 1 hit, 0 errors, 2 left on base; Kansas City 4 - Baltimore 4 |
| BOTTOM OF THE 6TH |
|
Baltimore Orioles batting - Pitching for Kansas City Royals : RHP Tom Jensen
|
|
Batting: RHB Randy Johnson Jr.
|
0-0: Fly out, F9 (Flyball, 89M, EV 93.1 MPH)
|
|
Batting: RHB Andres Leon
|
0-0: Fly out, F6 (Popup, 6MS, EV 68.8 MPH)
|
|
Batting: RHB Marc Peckermark
|
0-0: Called Strike 0-1: Ball 1-1: Called Strike 1-2: Ball 2-2: Foul Ball, location: 2F 2-2: Foul Ball, location: 2F 2-2: Strikes out swinging
|
| Bottom of the 6th over - 0 runs, 0 hits, 0 errors, 0 left on base; Kansas City 4 - Baltimore 4 |
| TOP OF THE 7TH |
|
Kansas City Royals batting - Pitching for Baltimore Orioles : RHP Kevin Cushman
|
|
Batting: RHB Aaron Matthews
|
0-0: Ball 1-0: Ground out 5-3 (Groundball, 56, EV 86.9 MPH)
|
|
Batting: RHB Jordan Diaz
|
0-0: Called Strike 0-1: Ball 1-1: Ball 2-1: Ball 3-1: Base on Balls
|
|
Pitching: RHP Jay Rapini
|
|
|
Batting: LHB Zion Davidson
|
0-0: Called Strike 0-1: Swinging Strike 0-2: Strikes out swinging
|
|
Batting: RHB Mike Jaquez
|
0-0: Called Strike 0-1: Ball 1-1: Ball 2-1: Called Strike 2-2: Strikes out looking
|
| Top of the 7th over - 0 runs, 0 hits, 0 errors, 1 left on base; Kansas City 4 - Baltimore 4 |
| BOTTOM OF THE 7TH |
|
Baltimore Orioles batting - Pitching for Kansas City Royals : RHP Tom Jensen
|
|
Batting: RHB Kevin Howard
|
0-0: Called Strike 0-1: Foul Ball, location: 2F 0-2: Strikes out looking
|
|
Batting: LHB Brad Pepin
|
0-0: Ball 1-0: Called Strike 1-1: Foul Ball, location: 2F 1-2: Ball 2-2: Foul Ball, location: 2F 2-2: Ball 3-2: Foul Ball, location: 2F 3-2: Fly out, F8 (Flyball, 78S, EV 79.4 MPH)
|
|
Batting: RHB Saimei Kudo
|
0-0: Ball 1-0: Called Strike 1-1: Ball 2-1: Foul Ball, location: 2F 2-2: SINGLE (Groundball, 5, EV 98.8 MPH)
|
|
Batting: RHB Alex Rodriguez Jr.
|
0-0: Called Strike 0-1: Ball 1-1: Ball 2-1: Called Strike 2-2: Fly out, F8 (Flyball, 8LXD, EV 92.5 MPH)
|
| Bottom of the 7th over - 0 runs, 1 hit, 0 errors, 1 left on base; Kansas City 4 - Baltimore 4 |
| TOP OF THE 8TH |
|
Kansas City Royals batting - Pitching for Baltimore Orioles : RHP Jay Rapini
|
|
Batting: RHB Adriaan Pieters
|
0-0: Ball 1-0: Called Strike 1-1: Foul Ball, location: 2F 1-2: Ground out 5-3 (Groundball, 5S, EV 91.3 MPH)
|
|
Pitching: LHP Matt Tomlinson
|
|
|
Batting: LHB Mike Meyerhoff
|
0-0: Called Strike 0-1: Ball 1-1: Ball 2-1: Foul Ball, location: 2F 2-2: Foul Ball, location: 2F 2-2: Strikes out swinging
|
|
Batting: SHB Tony Prado
|
0-0: Ball 1-0: Foul Ball, location: 2F 1-1: Ball 2-1: Called Strike 2-2: Ball 3-2: Base on Balls
|
|
Batting: SHB Gareth Busby
|
0-0: Called Strike 0-1: Foul Ball, location: 2F 0-2: SINGLE (Groundball, 6D, EV 103.1 MPH) Tony Prado to second
|
|
Pinch Hitting: RHB Jason Gee
|
0-0: Called Strike 0-1: Ball 1-1: Ball 2-1: Swinging Strike 2-2: Ball 3-2: Foul Ball, location: 2F 3-2: Ground out 1-3 (Groundball, 15, EV 70.6 MPH)
|
| Top of the 8th over - 0 runs, 1 hit, 0 errors, 2 left on base; Kansas City 4 - Baltimore 4 |
| BOTTOM OF THE 8TH |
|
Baltimore Orioles batting - Pitching for Kansas City Royals : RHP Tom Jensen
|
|
Pitching: RHP Asa Hahn
|
|
|
Now at 1B: Jason Gee
|
|
|
Batting: RHB Josh Hamilton
|
0-0: Called Strike 0-1: Foul Ball, location: 2F 0-2: Ground out 1-3 (Groundball, 13S, EV 66.3 MPH)
|
|
Batting: SHB Jason Hayes
|
0-0: Ball 1-0: Swinging Strike 1-1: Ball 2-1: Called Strike 2-2: Strikes out looking
|
|
Batting: RHB Randy Johnson Jr.
|
0-0: Called Strike 0-1: Fly out, F8 (Flyball, 78M, EV 90.6 MPH)
|
| Bottom of the 8th over - 0 runs, 0 hits, 0 errors, 0 left on base; Kansas City 4 - Baltimore 4 |
| TOP OF THE 9TH |
|
Kansas City Royals batting - Pitching for Baltimore Orioles : LHP Matt Tomlinson
|
|
Pitching: RHP Errol Dondale
|
|
|
Batting: RHB Aaron Matthews
|
0-0: Called Strike 0-1: Called Strike 0-2: Foul Ball, location: 2F 0-2: Ball 1-2: Strikes out swinging
|
|
Batting: RHB Jordan Diaz
|
0-0: Ball 1-0: Called Strike 1-1: Called Strike 1-2: Strikes out swinging
|
|
Batting: LHB Zion Davidson
|
0-0: Ball 1-0: Called Strike 1-1: Called Strike 1-2: Ground out 4-3 (Groundball, 4, EV 79.4 MPH)
|
| Top of the 9th over - 0 runs, 0 hits, 0 errors, 0 left on base; Kansas City 4 - Baltimore 4 |
| BOTTOM OF THE 9TH |
|
Baltimore Orioles batting - Pitching for Kansas City Royals : RHP Asa Hahn
|
|
Pinch Hitting: LHB Stu Sornson
|
0-0: Ball 1-0: SINGLE (Groundball, 34D, EV 108.1 MPH)
|
|
Batting: RHB Marc Peckermark
|
0-0: Ball 1-0: Sac Bunt to 25 - play at first, batter OUT! 5-4 Stu Sornson to second
|
|
Batting: RHB Kevin Howard
|
0-0: Called Strike 0-1: Ball Stu Sornson steals 3rd base 1-1: Ball 2-1: Called Strike 2-2: Ball 3-2: Foul Ball, location: 2F 3-2: Foul Ball, location: 2F 3-2: Base on Balls
|
|
Batting: LHB Brad Pepin
|
0-0: Ball 1-0: Called Strike 1-1: Swinging Strike 1-2: Strikes out swinging
|
|
Batting: RHB Saimei Kudo
|
0-0: Ball 1-0: Foul Ball, location: 2F 1-1: Foul Ball, location: 2F 1-2: Foul Ball, location: 2F 1-2: Fielders Choice at 2nd, 6-4 (Groundball, 6, EV 103.1 MPH)
|
| Bottom of the 9th over - 0 runs, 1 hit, 0 errors, 2 left on base; Kansas City 4 - Baltimore 4 |
| TOP OF THE 10TH |
|
Kansas City Royals batting - Pitching for Baltimore Orioles : RHP Errol Dondale
|
|
Now at 2B: Ruben Garza
|
|
|
Batting: RHB Mike Jaquez
|
0-0: Called Strike 0-1: Ball 1-1: Swinging Strike 1-2: Foul Ball, location: 2F 1-2: Strikes out swinging
|
|
Batting: RHB Adriaan Pieters
|
0-0: Ball 1-0: Ball 2-0: Ball 3-0: Called Strike 3-1: Ground out 4-3 (Groundball, 4S, EV 80.0 MPH)
|
|
Batting: LHB Mike Meyerhoff
|
0-0: Ball 1-0: Ball 2-0: Ball 3-0: Called Strike 3-1: Base on Balls
|
|
Pitching: RHP Bobby O'Connell
|
|
|
Batting: SHB Tony Prado
|
0-0: Ball 1-0: Called Strike 1-1: Foul Ball, location: 2F 1-2: Ball 2-2: Foul Ball, location: 2F 2-2: Foul Ball, location: 2F 2-2: Strikes out swinging
|
| Top of the 10th over - 0 runs, 0 hits, 0 errors, 1 left on base; Kansas City 4 - Baltimore 4 |
| BOTTOM OF THE 10TH |
|
Baltimore Orioles batting - Pitching for Kansas City Royals : RHP Asa Hahn
|
|
Pitching: RHP Travis Lakatos
|
|
|
Batting: RHB Alex Rodriguez Jr.
|
0-0: Swinging Strike 0-1: Ball 1-1: Foul Ball, location: 2F 1-2: Fly out, F6 (Popup, 6, EV 53.1 MPH)
|
|
Pinch Hitting: LHB Paul Diaz
|
0-0: Ground out U3 (Groundball, 3, EV 104.4 MPH)
|
|
Batting: SHB Jason Hayes
|
0-0: Called Strike 0-1: Ball 1-1: Foul Ball, location: 2F 1-2: Ball 2-2: Foul Ball, location: 2F 2-2: Ball 3-2: Base on Balls
|
|
Batting: RHB Randy Johnson Jr.
|
0-0: DOUBLE (Line Drive, 89D, EV 112.5 MPH) Jason Hayes to third
|
|
Batting: RHB Ruben Garza
|
0-0: Ball 1-0: Ball 2-0: Swinging Strike 2-1: Ground out 4-3 (Groundball, 4, EV 100.0 MPH)
|
| Bottom of the 10th over - 0 runs, 1 hit, 0 errors, 2 left on base; Kansas City 4 - Baltimore 4 |
| TOP OF THE 11TH |
|
Kansas City Royals batting - Pitching for Baltimore Orioles : RHP Bobby O'Connell
|
|
Now at C: Carlos Talavera
|
|
|
Batting: SHB Gareth Busby
|
0-0: Foul Ball, location: 2F 0-1: Ball 1-1: Called Strike 1-2: Fly out, F3 (Popup, 3SF, EV 76.3 MPH)
|
|
Batting: RHB Jason Gee
|
0-0: Foul Ball, location: 2F 0-1: Ground out U3 (Groundball, 34, EV 81.9 MPH)
|
|
Batting: RHB Aaron Matthews
|
0-0: Called Strike 0-1: Ground out 5-3 (Groundball, 56S, EV 85.0 MPH)
|
| Top of the 11th over - 0 runs, 0 hits, 0 errors, 0 left on base; Kansas City 4 - Baltimore 4 |
| BOTTOM OF THE 11TH |
|
Baltimore Orioles batting - Pitching for Kansas City Royals : RHP Travis Lakatos
|
|
Batting: RHB Marc Peckermark
|
0-0: Ball 1-0: SINGLE (Line Drive, 8RS, EV 101.3 MPH)
|
|
Batting: RHB Kevin Howard
|
0-0: Ball 1-0: Called Strike Marc Peckermark steals 2nd base (no throw) 1-1: Ball 2-1: SINGLE (Groundball, 6MD, EV 97.5 MPH) Marc Peckermark to third Runner from 3rd tries for Home, SAFE, throw by CF to home
|
| Bottom of the 11th over - 1 run, 2 hits, 0 errors, 0 left on base; Kansas City 4 - Baltimore 5 |
| |
|
Game Over ... Baltimore defeats Kansas City, 5 to 4
|
|
|